 Dungeon Crawl Stone Soup version 0.24-a0-368-g0e0cebd0f3 (webtiles) character file.

Game seed: 12905810227465966472

285 tsouns the Stinger (level 6, 0/45 HPs)
             Began as a Draconian Venom Mage on May 29, 2019.
             Slain by Pikel
             ... wielding a +1 whip of electrocution
              (18 damage)
             ... on level 4 of the Dungeon.
             The game lasted 00:05:56 (2639 turns).

tsouns the Stinger (Draconian Venom Mage)           Turns: 2639, Time: 00:05:56

Health: 0/45       AC:  7    Str: 10    XL:     6   Next: 7%
Magic:  6/11       EV: 12    Int: 17    God:
Gold:   237        SH:  0    Dex: 12    Spells: 1/11 levels left

rFire    . . .     SeeInvis .   a - +2 hand axe (freeze)
rCold    . . .     Gourm    .   (no shield)
rNeg     . . .     Faith    .   (armour unavailable)
rPois    .         Spirit   .   (helmet restricted)
rElec    .         Reflect  .   i - +0 cloak
rCorr    .         Harm     .   (no gloves)
MR       .....                  (no boots)
Stlth    ++........             (no amulet)
HPRegen  0.15/turn              (no ring)
MPRegen  0.12/turn              (no ring)

@: no status effects
A: unfitting armour, cold-blooded, AC +6
a: no special abilities


You were on level 4 of the Dungeon.
You were not hungry.

You visited 1 branch of the dungeon, and saw 4 of its levels.

You collected 237 gold pieces.

Inventory:

Hand Weapons
 a - a +2 hand axe of freezing (weapon)
 s - a +1 flail of venom
Armour
 i - a +0 cloak (worn)
Jewellery
 q - a cursed ring of attention {unknown}
Scrolls
 c - 7 scrolls of identify {unknown}
 d - 3 scrolls of remove curse {unknown}
 g - 2 scrolls of fear {unknown}
 n - a scroll of noise {unknown}
 o - a scroll of blinking {unknown}
 p - a scroll of enchant weapon {unknown}
Potions
 e - 2 potions of cancellation {unknown}
 h - 2 potions of agility {unknown}
 j - 3 potions of lignification {unknown}
 k - a potion of heal wounds {unknown}
 l - 2 potions of degeneration {unknown}
 m - a potion of invisibility {unknown}
 r - 2 potions of curing {unknown}
Comestibles
 b - 5 rations


   Skills:
 + Level 2.6 Axes
 - Level 1.7 Dodging
 - Level 1.7 Stealth
 + Level 3.3 Spellcasting
 + Level 3.1 Conjurations
 + Level 4.2 Poison Magic


You had one spell level left.
You knew the following spells:

 Your Spells              Type           Power        Failure   Level  Hunger
a - Sting                 Conj/Pois      ###.         3%          1    None
b - Poisonous Vapours     Pois/Air       ##....       11%         2    ##.....
c - Mephitic Cloud        Conj/Pois/Air  ##......     19%         3    ###....
d - Olgreb's Toxic Radia  Pois           ###.....     28%         4    ####...

Your spell library contained the following spells:

 Spells                   Type           Power        Failure   Level  Hunger
 Venom Bolt               Conj/Pois      ###.......   71%         5    ######.


Dungeon Overview and Level Annotations

Branches:
Dungeon (4/15)
 Temple: D:4-7

Altars:
Ru

Annotations:
D:4 Pikel


Innate Abilities, Weirdness & Mutations

Your plain brown scales are hard. (AC +6)
You cannot fit into any form of body armour.
You are cold-blooded and may be slowed by cold attacks.


Message History

Aim: Pikel, wielding a +1 whip of electrocution and wearing a +0 robe (noxious fumes, moderately wounded, poisoned, confused)
The sting hits Pikel but does no damage.
Pikel looks even sicker.
Pikel is moderately wounded.
Pikel is engulfed in noxious fumes.
Pikel appears confused.
The slave is engulfed in noxious fumes.
The slave appears confused.
You hit Pikel but do no damage.
Pikel is moderately wounded.
Pikel ponders the situation.
Pikel barely misses you.
The slave is engulfed in noxious fumes.
The slave appears confused.
You hit Pikel but do no damage. You tail-slap Pikel.
Pikel is moderately wounded.
The phantom blinks!
The slave is engulfed in noxious fumes.
The slave appears confused.
You hit Pikel. You freeze Pikel.
Pikel is heavily wounded.
Pikel hits you with a +1 whip of electrocution.
You are electrocuted!!
You die...

### ..
#. #.##
#.°###
#p..K##
#.##@.#
#. ##.#
#! #.#
#. #.#
#p ...
.. .##
#. ##


You could see Pikel (confused) and a slave (confused).

Vanquished Creatures
  Sigmund (D:2)
  A slave (D:4)
  Terence (D:2)
  3 adders
  3 worms
  2 dart slugs
  A leopard gecko (D:2)
  2 orcs (D:3)
  2 giant cockroaches (D:1)
  10 goblins
  12 hobgoblins
  6 kobolds
  A quokka (D:3)
  2 ball pythons
  6 bats
  5 frilled lizards
  6 rats
64 creatures vanquished.

Notes
Turn   | Place    | Note
-------+----------+-------------------------------------------
     0 | D:1      | tsouns the Draconian Venom Mage began the quest for the
                  | Orb.
     0 | D:1      | Reached XP level 1. HP: 14/14 MP: 3/3
   163 | D:1      | Reached XP level 2. HP: 20/20 MP: 1/5
   245 | D:1      | Learned a level 2 spell: Poisonous Vapours
   476 | D:1      | Reached XP level 3. HP: 15/26 MP: 3/6
   614 | D:1      | Reached skill level 1 in Axes
   916 | D:2      | Noticed Sigmund
   939 | D:2      | Killed Sigmund
   939 | D:2      | Reached skill level 4 in Poison Magic
   939 | D:2      | Reached XP level 4. HP: 18/33 MP: 3/8
   939 | D:2      | Reached XP level 5. HP: 20/38 MP: 3/9
  1611 | D:2      | Noticed Terence
  1628 | D:2      | Killed Terence
  1706 | D:2      | Learned a level 3 spell: Mephitic Cloud
  1711 | D:2      | Learned a level 4 spell: Olgreb's Toxic Radiance
  1868 | D:3      | Reached XP level 6. HP: 45/45 MP: 5/11
  1944 | D:3      | Found a sacrificial altar of Ru.
  2615 | D:4      | Noticed a slave
  2629 | D:4      | Killed a slave
  2630 | D:4      | Noticed Pikel
  2630 | D:4      | Noticed a slave
  2630 | D:4      | Noticed a slave
  2630 | D:4      | Noticed a slave
  2639 | D:4      | Slain by Pikel

Levels and vault maps discovered:
D:1:      dpeg_arrival_rooms_b, layout_basic, chequers_serial_rivers_small_3,
          minmay_3d_cube
D:2:      layout_loops_corners, corner_web_ring, grunt_decor_resistance,
          uniq_sigmund, uniq_terence
D:3:      layout_loops_ring, chequers_big_river, nicolae_ru_the_path_less_chosen
D:4:      layout_rooms, overflow_temple_1_default, first_ration, uniq_duvessa,
          uniq_pikel, uniq_blork_the_orc

Skill      XL: |  1  2  3  4  5 |
---------------+----------------+-----
Axes           | 2 |  2.6
Spellcasting   | 3 |  3.3
Conjurations   | 2 3 |  3.1
Poison Magic   | 4 |  4.2
Dodging        | |  1.7
Stealth        | |  1.7

Action                   |  1- 3 |  4- 6 || total
-------------------------+-------+-------++-------
Melee: Hand axe          |    49 |    58 ||   107
       Tailslap          |     4 |     7 ||    11
       Unarmed           |     1 |       ||     1
 Cast: Sting             |    11 |    11 ||    22
       Poisonous Vapours |     8 |    33 ||    41
       Mephitic Cloud    |       |     1 ||     1
 Stab: Sleeping          |     4 |     2 ||     6
  Eat: Chunk             |     1 |     7 ||     8
Armor: Skin              |    13 |    21 ||    34
Dodge: Dodged            |    29 |    35 ||    64

Table legend:
 A = Non-vault XP
 B = Vault XP
 C = Vault XP percentage of total XP
 D = Non-vault monster count
 E = Vault monster count
 F = Vault count percentage of total count
                 A         B        C        D         E       F
            +---------+---------+-------+---------+---------+-------
      Total |     141 |     267 |  65.4 |      55 |       8 |  12.7
            +---------+---------+-------+---------+---------+-------
        D:1 |      38 |      11 |  22.4 |      24 |       6 |  20.0
        D:2 |      62 |     256 |  80.5 |      19 |       2 |   9.5
        D:3 |      41 |       0 |   0.0 |      12 |       0 |   0.0
            +---------+---------+-------+---------+---------+-------
